 Dungeon Crawl Stone Soup version 0.29.1-15-g9cfb28693d (webtiles) character file.

Game seed: 7926314645065995701

2895 BuddhaDhamma the Cleaver (level 9, 0/97 (105) HPs)
             Began as a Minotaur Berserker on Mar 1, 2023.
             Was a High Priest of Trog.
             Slain by Duvessa
             ... wielding a +0 rapier of draining
              (4 damage)
             ... on level 6 of the Dungeon.
             The game lasted 00:14:23 (8433 turns).

BuddhaDhamma the Cleaver (Minotaur Berserker)       Turns: 8433, Time: 00:14:23

HP:   0/97 (105)    AC:  9    Str: 26    XL:     9   Next: 49%
MP:   8/8           EV:  7    Int:  4    God:    Trog [*****.]
Gold: 323           SH:  7    Dex: 10    Spells: 8/8 levels left

rFire   . . .      SeeInvis .   (no weapon)
rCold   . . .      Faith    +   l - +1 kite shield
rNeg    . . .      Spirit   .   i - +0 chain mail
rPois   .          Reflect  .   (helmet restricted)
rElec   .          Harm     .   A - +0 cloak
rCorr   .          Rampage  .   (no gloves)
Will    .....                   (no boots)
Stlth   ..........              b - amulet of faith
HPRegen 0.26/turn               (no ring)
MPRegen 0.11/turn               (no ring)

@: berserking (expiring), drained, very quick
A: horns 2, retaliatory headbutt
a: Renounce Religion, Berserk, Trog's Hand, Brothers in Arms


You were on level 6 of the Dungeon.
You worshipped Trog.
Trog was extremely pleased with you.
You visited 1 branch of the dungeon, and saw 6 of its levels.
You also visited: Ossuary.

You collected 323 gold pieces.

Inventory:

Hand Weapons
 E - a +4 vorpal great mace
Missiles
 j - 9 poisoned darts (quivered)
Armour
 i - a +0 chain mail (worn)
 l - a +1 kite shield (worn)
 A - a +0 cloak (worn)
Jewellery
 b - an amulet of faith (around neck)
 o - a ring of fire
 B - a ring of positive energy
Wands
 w - a wand of flame (23)
 D - a wand of charming (5)
Scrolls
 d - a scroll of teleportation
 h - 2 scrolls of blinking
 k - 2 scrolls of silence
 n - 2 scrolls of enchant armour
 s - a scroll of fog {unknown}
 t - 3 scrolls of magic mapping {unknown}
 x - a scroll of brand weapon {unknown}
 y - a scroll of vulnerability {unknown}
 z - a scroll of identify
 C - a scroll of fear {unknown}
Potions
 c - 2 potions of invisibility
 e - 4 potions of might
 g - 3 potions of lignification
 m - 5 potions of curing
 p - a potion of mutation {unknown}
 q - a potion of haste {unknown}
 u - a potion of attraction {unknown}
 v - a potion of degeneration {unknown}


   Skills:
 - Level 3.6 Fighting
 - Level 13.0(14.2) Axes
 + Level 9.3(12.4) Maces & Flails
 - Level 2.4 Armour
 - Level 2.1 Dodging


You had 8 spell levels left.
You didn't know any spells.
Your spell library was empty.

Dungeon Overview and Level Annotations

Branches:
Dungeon (6/15)            Ossuary (visited)
 Temple: D:4-7

Altars:
Ashenzari
Cheibriados
Dithmenos
Kikubaaqudgha
Qazlal
Wu Jian
The Shining One

Shops:
D:3 (

Annotations:
D:6 3 runed translucent doors, Duvessa; Sanktem7's ghost, novice MiFi; TaterTotHotdish's ghost, novice TrBe; promet's ghost, novice HOFi


Innate Abilities, Weirdness & Mutations

You have a pair of horns on your head.
You reflexively headbutt those who attack you in melee.


Message History

You closely miss the gnoll sergeant.
Your headbutt misses the gnoll sergeant.
The gnoll sergeant hits you with a +0 spear.
The gnoll hits you with a +0 halberd. The gnoll barely misses you.
You hit the gnoll sergeant but do no damage.
The gnoll sergeant hits you with a +0 spear.
You block the gnoll's attack. The gnoll closely misses you.
You hit the gnoll sergeant.
The gnoll sergeant is lightly wounded.
The gnoll sergeant hits you with a +0 spear.
The gnoll hits you with a +0 halberd!
The gnoll hits you from afar with a +1 vorpal spear.
You punch the gnoll sergeant! You headbutt the gnoll sergeant!
The gnoll sergeant is almost dead.
You punch the gnoll sergeant!
You kill the gnoll sergeant!
Trog accepts your kill. The gnoll hits you with a +0 halberd.
The gnoll barely misses you.
Duvessa hits you with a +0 rapier of draining!
You feel drained.
You hit Duvessa but do no damage. You block the gnoll's attack.
The gnoll barely misses you. You block Duvessa's attack.
You hit Duvessa.
Duvessa is lightly wounded.
Duvessa barely misses you. You furiously retaliate!
You headbutt Duvessa! You block the gnoll's attack.
The gnoll hits you from afar with a +1 vorpal spear.
You barely miss Duvessa. You headbutt Duvessa!
Duvessa is heavily wounded.
Duvessa hits you with a +0 rapier of draining.
You feel drained. The gnoll hits you with a +0 halberd!
* * * LOW HITPOINT WARNING * * *
The gnoll hits you from afar with a +1 vorpal spear.
* * * LOW HITPOINT WARNING * * *
x2 You hit Duvessa.
You headbutt Duvessa!
Duvessa is severely wounded.
Duvessa hits you with a +0 rapier of draining!
* * * LOW HITPOINT WARNING * * *
You feel drained.
You die...

###'##.........#
######.)##.........#
##..##....#'#####'###
#....'....######....#
#....##..##..##.....#
####..#####+....#.....#####
##..#'##)[)##..gg#..........
#....##.....##ge##..........
#....).......##@##..........
###..##...8...##..##..####...
..##+##.......'....#..####...
..##..##.....##)...#.........
..#....##...##'#..##........
..#..).'#####..####.........
..##..##..##....#.#.........
...####...)'....#.#.........
......#....##..##.#'########


You could see Duvessa (berserk) and 3 gnolls.

Vanquished Creatures
  Pikel (D:5)
  A wraith (D:6)
  Edmund (D:5)
  A black bear (D:3)
  2 ice beasts (D:5)
  3 ogres
  A centaur (D:6)
  3 lemures (D:5)
  2 phantoms (D:6)
  A gnoll sergeant (D:6)
  2 elf zombies (Ossuary)
  2 scorpions (D:6)
  A necrophage (D:6)
  2 wights (D:6)
  Dowan (D:6)
  A howler monkey (D:6)
  2 centaur zombies (Ossuary)
  3 hounds
  Crazy Yiuf (D:5)
  2 gnoll boudas (D:6)
  An orc priest (D:6)
  4 jellies
  Jessica (D:3)
  2 iguanas (D:5)
  2 orc wizards (D:5)
  2 mummies (Ossuary)
  Robin (D:3)
  8 gnolls (D:6)
  9 adders
  A river rat (D:5)
  A shadow imp (D:5)
  3 white imps (D:6)
  An adder zombie (Ossuary)
  2 worms (D:2)
  A dart slug (D:1)
  27 orcs
  5 endoplasms
  2 giant cockroaches
  11 goblins
  7 hobgoblins
  2 jackals (D:1)
  5 quokkas
  8 ball pythons
  5 bats
  4 frilled lizards
  3 goblin zombies (Ossuary)
  9 hobgoblin zombies (Ossuary)
  A jackal zombie (Ossuary)
  8 kobolds
  10 kobold zombies (Ossuary)
  7 orc zombies (Ossuary)
  4 rats
  2 rat zombies (Ossuary)
192 creatures vanquished.

Notes
Turn   | Place    | Note
-------+----------+-------------------------------------------
     0 | D:1      | BuddhaDhamma the Minotaur Berserker began the quest for the
                  | Orb.
     0 | D:1      | Reached XP level 1. HP: 19/19 MP: 0/0
   243 | D:1      | Reached skill level 4 in Axes
   566 | D:1      | Reached XP level 2. HP: 26/26 MP: 1/1
   976 | D:2      | Reached skill level 5 in Axes
   976 | D:2      | Reached XP level 3. HP: 26/31 MP: 2/2
  1337 | D:2      | Reached ** piety under Trog
  1420 | D:2      | Found a faded altar of an unknown god.
  1644 | D:2      | Reached skill level 6 in Axes
  1644 | D:2      | Reached XP level 4. HP: 39/39 MP: 3/3
  2293 | D:3      | Found Liem's Weapon Shoppe.
  2392 | D:3      | Found a snail-covered altar of Cheibriados.
  2882 | D:3      | Noticed Jessica
  2890 | D:3      | Killed Jessica
  3284 | D:3      | Noticed Robin
  3293 | D:3      | Killed Robin
  3294 | D:3      | Reached skill level 7 in Axes
  3294 | D:3      | Reached XP level 5. HP: 42/45 MP: 4/4
  3561 | D:4      | Noticed a black bear
  3576 | D:3      | Killed a black bear
  3577 | D:3      | Reached skill level 8 in Axes
  3700 | D:4      | Noticed an ogre
  3706 | D:4      | Killed an ogre
  3707 | D:4      | Reached XP level 6. HP: 6/51 MP: 5/5
  4018 | D:4      | Found an ornate altar of the Wu Jian Council.
  4036 | D:4      | Found a broken altar of Ashenzari.
  4137 | D:4      | Reached *** piety under Trog
  4183 | D:4      | Found an ancient bone altar of Kikubaaqudgha.
  4356 | D:4      | Reached skill level 9 in Axes
  4885 | D:5      | Entered Level 5 of the Dungeon
  4976 | D:5      | Noticed Edmund
  4991 | D:5      | Killed Edmund
  4992 | D:5      | Reached XP level 7. HP: 57/57 MP: 6/6
  5075 | D:5      | Reached skill level 10 in Axes
  5375 | D:5      | Found a stormy altar of Qazlal.
  5435 | D:5      | Found a sand-covered staircase.
  5453 | Ossuary  | Entered an ossuary
  5535 | Ossuary  | Reached **** piety under Trog
  5618 | Ossuary  | Reached XP level 8. HP: 39/64 MP: 7/7
  5626 | Ossuary  | Reached skill level 11 in Axes
  5818 | Ossuary  | Identified the +1 scale mail of the Mackerel {Will++}
  6022 | D:5      | Reached skill level 5 in Maces & Flails
  6029 | D:5      | Noticed Pikel
  6045 | D:5      | Killed Pikel
  6237 | D:5      | Found a runed translucent door.
  6238 | D:5      | Noticed Crazy Yiuf
  6419 | D:5      | Found a shadowy altar of Dithmenos.
  6436 | D:5      | Reached ***** piety under Trog
  6500 | D:5      | Found a glowing golden altar of the Shining One.
  6619 | D:5      | Killed Crazy Yiuf
  6922 | D:6      | Reached skill level 12 in Axes
  6965 | D:6      | Found a runed translucent gate.
  6965 | D:6      | Found a runed translucent gate.
  6965 | D:6      | Found a runed translucent gate.
  7008 | D:6      | Noticed Sanktem7's ghost (novice MiFi)
  7008 | D:6      | Noticed TaterTotHotdish's ghost (novice TrBe)
  7008 | D:6      | Noticed promet's ghost (novice HOFi)
  7294 | D:6      | Reached XP level 9. HP: 70/70 MP: 8/8
  7883 | D:6      | HP: 3/70 [phantom (3)]
  7887 | D:6      | Received a gift from Trog
  7892 | D:6      | Reached skill level 13 in Axes
  8412 | D:6      | Noticed Duvessa
  8412 | D:6      | Noticed Dowan
  8421 | D:6      | Killed Dowan
  8433 | D:6      | HP: 4/102 [Duvessa/+0 rapier of draining (13)]
  8433 | D:6      | Slain by Duvessa

Illustrated notes

Levels and vault maps discovered:
D:1:      evilmike_arrival_fibonacci_small, layout_basic
D:2:      layout_loops_ring, ebering_ecumenical_altar_webs,
          dreamdust_princess_corridor, kennysheep_generic_room_13
D:3:      layout_basic, mainiacjoe_overflow_brackets, serial_shops, shop,
          kennysheep_jessica_study, uniq_robin
D:4:      layout_layer_cave, kiku_gazebo_pond_becter,
          mainiacjoe_overflow_chevrons, nicolae_wu_jian_wuxing_cycle,
          nicolae_concentric_dashed_squares_wild
D:5:      layout_basic, mainiacjoe_overflow_paths, mainiacjoe_overflow_catwalk,
          tso_oasis_becter, nicolae_ossuary_entry_monument,
          portal_sewer_entry_a, minmay_misc_feat_alley, uniq_edmund, uniq_pikel,
          uniq_crazy_yiuf_cottage
D:6:      minmay_bubble_buster, layout_gridville, gammafunk_ghost_cemetery,
          uniq_duvessa

Skill      XL: |  1  2  3  4  5  6  7  8  9 |
---------------+----------------------------+-----
Axes           | 4 5 6 7 8 9 10 12 13 | 13.0
Maces & Flails | 4 7 9 |  9.3
Fighting       | |  3.6
Armour         | |  2.4
Dodging        | |  2.1

Action                   |  1- 3 |  4- 6 |  7- 9 || total
-------------------------+-------+-------+-------++-------
Melee: Hand axe          |    70 |    94 |       ||   164
       Headbutt          |     5 |    20 |    48 ||    73
       Punch             |     1 |       |       ||     1
       War axe           |       |    47 |     2 ||    49
       Flail             |       |       |   242 ||   242
       Unarmed           |       |       |    24 ||    24
Throw: Dart              |       |    11 |       ||    11
Invok: Berserk           |       |     3 |     4 ||     7
  Use: Scroll            |       |    11 |       ||    11
       Potion            |       |       |     1 ||     1
 Stab: Invisible         |       |       |     1 ||     1
Armor: Leather armour    |    19 |     1 |       ||    20
       Chain mail        |       |    54 |   119 ||   173
Dodge: Dodged            |    52 |    24 |    83 ||   159
Block: Kite shield       |     2 |    56 |   105 ||   163
